Penguins vs Flyers

Created - 6 octobre 2017 at 17:25

Goals
1 2 3 OT1 T
Penguins 1 0 0 0 1
Flyers 1 0 0 1 2
Shots
1 2 3 OT1 T
Penguins 15 7 11 4 37
Flyers 9 7 4 1 21

1st period

1. Flyers , Patrick Maroon 1 (Marcus Johansson 1, Brooks Orpik 1) at 0:34
2. Penguins , Tyler Johnson 1 (Christian Dvorak 1, Olli Maatta 1) at 19:26

Penalties :
Andrew MacDonald (PHI) for Interference (Minor) at 17:10

2nd period

No Goal

Penalties :
Alexander Wennberg (PIT) for Cross-checking (Minor) at 8:50

3rd period

No Goal

Penalties :
Devan Dubnyk (PHI) for Slashing (Minor) at 5:43 - Brooks Orpik served the penalty., Andre Burakovsky (PHI) for Tripping (Minor) at 10:48

Overtime #1

3. Flyers , Andre Burakovsky 1 (Andrew MacDonald 1, Marcus Johansson 2) at 4:21

Penalties :
No Penalty

Goalie Stats

Ben Bishop (PIT), 19 saves from 21 shots - (0.905), OTL, 1-0-1, 64:22 minutes
Devan Dubnyk (PHI), 36 saves from 37 shots - (0.973), W, 1-1-0, 64:22 minutes

Players Stats for Penguins

Player Name              G  A  P  +/- PIM S  H  SB GA TA FO     MP     PP MP  PK MP  
------------------------------------------------------------------------------------
Alexander Wennberg       0  0  0  -1  2   3  3  1  0  0  10/22  20:14   2:52   0:00 
Christian Dvorak         0  1  1   1  0   1  1  0  0  0  2/2    15:01   0:00   1:08 
David Savard             0  0  0  -1  0   2  5  2  0  0  0/0    22:39   2:45   1:06 
Jacob De La Rose         0  0  0   0  0   0  1  0  0  0  0/0     7:30   0:00   0:51 
Jakub Voracek            0  0  0   1  0   9  0  0  0  0  0/2    15:25   0:00   0:00 
Kevin Labanc             0  0  0   0  0   1  0  0  0  0  0/0     6:39   0:00   0:00 
Luke Glendening          0  0  0   0  0   1  1  0  0  0  7/10    7:30   0:00   0:51 
Mark Barberio            0  0  0   1  0   0  0  1  0  0  0/0    13:55   0:00   0:00 
Mark Giordano            0  0  0   0  0   3  1  3  0  0  0/0    21:24   2:45   0:53 
Nathan MacKinnon         0  0  0  -1  0   1  1  0  0  0  10/26  20:45   3:05   0:41 
Olli Maatta              0  1  1   1  0   1  1  1  0  0  0/0    13:55   0:00   0:00 
Phil Kessel              0  0  0   0  0   2  0  0  0  0  0/3    20:19   2:52   0:00 
Ryan Suter               0  0  0  -1  0   0  2  5  0  0  0/0    26:29   3:12   1:06 
Sebastian Aho            0  0  0   0  0   2  0  0  0  0  1/1    18:29   2:52   0:00 
Tyler Johnson            1  0  1   1  0   5  0  0  0  0  7/15   14:20   0:00   0:27 
Victor Hedman            0  0  0  -1  0   1  1  2  0  0  0/0    26:00   3:12   0:53 
Vladimir Tarasenko       0  0  0  -1  0   2  2  0  0  0  0/0    20:38   3:05   0:00 
William Nylander         0  0  0  -2  0   3  1  0  0  0  0/0    19:54   3:05   0:00 

Players Stats for Flyers

Player Name              G  A  P  +/- PIM S  H  SB GA TA FO     MP     PP MP  PK MP  
------------------------------------------------------------------------------------
Alexander Killorn        0  0  0   0  0   1  0  0  0  0  1/1    13:25   1:07   1:31 
Andre Burakovsky         1  0  1   0  2   2  1  0  0  0  0/1    17:29   1:07   0:00 
Andrew MacDonald         0  1  1   0  2   0  0  1  0  0  0/0    18:23   0:00   2:18 
Brooks Orpik             0  1  1   1  0   1  2  5  0  0  0/0    23:07   0:52   1:10 
Calle Jarnkrok           0  0  0  -1  0   3  1  0  0  0  11/25  17:18   1:07   0:00 
Casey Cizikas            0  0  0   0  0   0  0  0  0  0  10/13  13:45   0:00   2:58 
Chris VandeVelde         0  0  0   0  0   1  0  0  0  0  0/1     9:39   0:00   1:31 
Damon Severson           0  0  0   0  0   0  5  1  0  0  0/0    19:52   1:07   0:46 
Jean-Gabriel Pageau      0  0  0   1  0   3  2  0  0  0  13/21  20:38   0:52   0:00 
Joel Ward                0  0  0  -1  0   2  2  1  0  0  0/2    18:11   0:00   1:28 
Jonathan Ericsson        0  0  0   0  0   0  1  3  0  0  0/0    23:28   0:52   2:36 
Kyle Brodziak            0  0  0   0  0   0  0  0  0  0  2/4    13:37   0:00   2:58 
Marcus Johansson         0  2  2   2  0   2  0  1  0  0  1/2    20:40   0:52   0:00 
Matt Benning             0  0  0  -1  0   0  1  1  0  0  0/0    16:41   0:00   2:08 
Patrick Maroon           1  0  1   1  0   1  3  0  0  0  0/1    20:20   0:52   0:00 
Riley Sheahan            0  0  0   0  0   2  0  0  0  0  6/10    9:36   0:00   1:28 
Ryan Ellis               0  0  0   1  0   3  0  2  0  0  0/0    22:50   1:07   2:56 
Ryan White               0  0  0   0  0   0  0  0  0  0  0/0     8:08   0:00   0:00 

3 Stars

1 - Devan Dubnyk (PHI)
2 - Patrick Maroon (PHI)
3 - Marcus Johansson (PHI)

Power Play

Penguins - 0 on 3 Attempt(s) - 0.00%
Flyers - 0 on 1 Attempt(s) - 0.00%

Penalty Kill

Penguins - 1 on 1 Attempt(s) - 100.00% - Score 0 goal in Penalty Kill
Flyers - 3 on 3 Attempt(s) - 100.00% - Score 0 goal in Penalty Kill

Team Stat

Penguins - Hits : 20 - Faceoff Wins : 37 - Blocked Shots : 15 - Penalty Minutes : 2
Flyers - Hits : 18 - Faceoff Wins : 44 - Blocked Shots : 15 - Penalty Minutes : 6

Official

Referees : Graham Skiliter and Francois StLaurent
Linesman : Brian Mach and Derek Nansen

Game Notes

Ryan Ellis is injured at 18:45 of 3rd period (Upper Body)

Finance

Level 1 -- Attendance: 6500 (100.00%) -- Ticket Income 715 000 $
Level 2 -- Attendance: 4460 (89.20%) -- Ticket Income 365 720 $
Level 3 -- Attendance: 3344 (95.54%) -- Ticket Income 210 672 $
Level 4 -- Attendance: 2846 (80.46%) -- Ticket Income 56 920 $
Luxury Box -- Attendance: 1000 (100.00%) -- Ticket Income 225 000 $
Game was played at the Wells Fargo Center.
Total Attendance: 18150 (92.90%)
Total Ticket Income: 1 573 312 $
Other Income: 235 997 $
Total Income: 1 809 309 $

% Time on Ice - Penguins

Lines # - Real PCT - Wanted PCT - Time Play
Normal Forward
1 - 31% - 32% - 15:55
2 - 30% - 32% - 15:37
3 - 27% - 26% - 13:53
4 - 13% - 10% - 6:39
Normal Defense
1 - 39% - 40% - 20:23
2 - 34% - 40% - 17:46
3 - 27% - 20% - 13:55
4 - 0% - 0% - 0:00
PP Forward
1 - 52% - 60% - 3:05
2 - 48% - 40% - 2:52
PP Defense
1 - 54% - 60% - 3:12
2 - 46% - 40% - 2:45
PK Forward
1 - 77% - 60% - 1:32
2 - 23% - 40% - 0:27
PK Defense
1 - 45% - 60% - 0:53
2 - 55% - 40% - 1:06
PK3 Forward
1 - 0% - 60%
2 - 0% - 40%
PK3 Defense
1 - 0% - 60%
2 - 0% - 40%
44 Forward
1 - 0% - 60%
2 - 0% - 40%
44 Defense
1 - 0% - 60%
2 - 0% - 40%
Last Minute Offensive  - 0:00
Last Minute Defensive  - 0:00
Total
Forward - 60:00
Defense - 60:00

% Time on Ice - Flyers

Lines # - Real PCT - Wanted PCT - Time Play
Normal Forward
1 - 34% - 38% - 17:56
2 - 29% - 30% - 15:21
3 - 20% - 20% - 10:39
4 - 16% - 12% - 8:08
Normal Defense
1 - 38% - 42% - 19:43
2 - 34% - 34% - 17:48
3 - 28% - 24% - 14:33
4 - 0% - 0% - 0:00
PP Forward
1 - 44% - 60% - 0:52
2 - 56% - 40% - 1:07
PP Defense
1 - 56% - 60% - 1:07
2 - 44% - 40% - 0:52
PK Forward
1 - 75% - 60% - 4:29
2 - 25% - 40% - 1:28
PK Defense
1 - 54% - 50% - 3:13
2 - 46% - 50% - 2:44
PK3 Forward
1 - 0% - 60%
2 - 0% - 40%
PK3 Defense
1 - 0% - 60%
2 - 0% - 40%
44 Forward
1 - 0% - 60%
2 - 0% - 40%
44 Defense
1 - 0% - 60%
2 - 0% - 40%
Last Minute Offensive  - 0:00
Last Minute Defensive  - 0:00
Total
Forward - 60:00
Defense - 60:00

Play by Play

1st period


0:01 of 1st period - Nathan MacKinnon wins face-off versus Jean-Gabriel Pageau in neutral zone.
0:04 of 1st period - Shot by William Nylander.
0:04 of 1st period - Shot Misses the Net.
0:18 of 1st period - Shot by Marcus Johansson.
0:18 of 1st period - Shot Misses the Net.
0:22 of 1st period - Shot by Marcus Johansson.
0:22 of 1st period - Shot Blocked by Ryan Suter.
0:24 of 1st period - Shot by Ryan Ellis.
0:24 of 1st period - Shot Blocked by Victor Hedman.
0:26 of 1st period - Shot by Brooks Orpik.
0:26 of 1st period - Shot Misses the Net.
0:28 of 1st period - Shot by Jean-Gabriel Pageau.
0:28 of 1st period - Shot Misses the Net.
0:32 of 1st period - Shot by Marcus Johansson.
0:32 of 1st period - Shot Blocked by Ryan Suter.
0:34 of 1st period - Shot by Patrick Maroon.
0:34 of 1st period - The goal is going for a video replay.
0:34 of 1st period - The goal is good.
0:34 of 1st period - Goal by Patrick Maroon - Penguins : 0 - Flyers : 1.
0:35 of 1st period - Alexander Wennberg wins face-off versus Calle Jarnkrok in neutral zone.
0:43 of 1st period - Shot by Calle Jarnkrok.
0:43 of 1st period - Stopped by Ben Bishop without a rebound.
0:44 of 1st period - Tyler Johnson wins face-off versus Casey Cizikas in Penguins zone.
1:01 of 1st period - Shot by Jakub Voracek.
1:01 of 1st period - Stopped by Devan Dubnyk without a rebound.
1:02 of 1st period - Calle Jarnkrok wins face-off versus Alexander Wennberg in Flyers zone.
1:24 of 1st period - Off-side.
1:25 of 1st period - Luke Glendening wins face-off versus Riley Sheahan in neutral zone.
1:28 of 1st period - Andrew MacDonald is hit by Jacob De La Rose and loses puck.
1:50 of 1st period - Kevin Labanc is hit by Matt Benning and loses puck.
1:56 of 1st period - Icing by Andrew MacDonald.
1:57 of 1st period - Tyler Johnson wins face-off versus Riley Sheahan in Flyers zone.
2:22 of 1st period - Shot by Tyler Johnson.
2:22 of 1st period - Stopped by Devan Dubnyk with a rebound.
2:24 of 1st period - Shot by Jakub Voracek.
2:24 of 1st period - Stopped by Devan Dubnyk without a rebound.
2:25 of 1st period - Calle Jarnkrok wins face-off versus Alexander Wennberg in Flyers zone.
2:38 of 1st period - Shot by Joel Ward.
2:38 of 1st period - Shot Blocked by Alexander Wennberg.
2:54 of 1st period - Shot by Calle Jarnkrok.
2:54 of 1st period - Stopped by Ben Bishop without a rebound.
2:55 of 1st period - Nathan MacKinnon wins face-off versus Jean-Gabriel Pageau in Penguins zone.
2:57 of 1st period - Mark Giordano is hit by Jean-Gabriel Pageau and loses puck.
3:08 of 1st period - Shot by Marcus Johansson.
3:08 of 1st period - Shot Misses the Net.
3:10 of 1st period - Shot by Jean-Gabriel Pageau.
3:10 of 1st period - Stopped by Ben Bishop without a rebound.
3:11 of 1st period - Casey Cizikas wins face-off versus Tyler Johnson in Penguins zone.
3:40 of 1st period - Shot by Christian Dvorak.
3:40 of 1st period - Shot Misses the Net.
3:44 of 1st period - Shot by Jakub Voracek.
3:44 of 1st period - Stopped by Devan Dubnyk without a rebound.
3:45 of 1st period - Jean-Gabriel Pageau wins face-off versus Nathan MacKinnon in Flyers zone.
4:01 of 1st period - Ryan Ellis is hit by David Savard and loses puck.
4:19 of 1st period - Patrick Maroon is hit by David Savard.
4:34 of 1st period - Calle Jarnkrok is hit by Mark Giordano and loses puck.
5:11 of 1st period - Nathan MacKinnon is hit by Joel Ward and loses puck.
5:39 of 1st period - Icing by Ryan Suter.
5:40 of 1st period - Riley Sheahan wins face-off versus Phil Kessel in Penguins zone.
6:02 of 1st period - Icing by Alexander Wennberg.
6:03 of 1st period - Jean-Gabriel Pageau wins face-off versus Phil Kessel in Penguins zone.
6:06 of 1st period - Shot by Marcus Johansson.
6:06 of 1st period - Shot Blocked by Ryan Suter.
6:08 of 1st period - Shot by Jean-Gabriel Pageau.
6:08 of 1st period - Stopped by Ben Bishop without a rebound.
6:09 of 1st period - Jean-Gabriel Pageau wins face-off versus Tyler Johnson in Penguins zone.
6:31 of 1st period - Off-side.
6:32 of 1st period - Calle Jarnkrok wins face-off versus Luke Glendening in neutral zone.
6:35 of 1st period - Shot by Andre Burakovsky.
6:35 of 1st period - Shot Blocked by Ryan Suter.
6:42 of 1st period - Calle Jarnkrok is hit by Ryan Suter and loses puck.
8:24 of 1st period - Shot by Jakub Voracek.
8:24 of 1st period - Stopped by Devan Dubnyk without a rebound.
8:25 of 1st period - Casey Cizikas wins face-off versus Nathan MacKinnon in Flyers zone.
8:27 of 1st period - Alexander Killorn is hit by David Savard and loses puck.
8:40 of 1st period - Shot by Vladimir Tarasenko.
8:40 of 1st period - Shot Misses the Net.
8:42 of 1st period - Shot by Mark Giordano.
8:42 of 1st period - Stopped by Devan Dubnyk without a rebound.
8:43 of 1st period - Tyler Johnson wins face-off versus Joel Ward in Flyers zone.
8:43 of 1st period - Ryan Suter is hit by Brooks Orpik.
8:47 of 1st period - Shot by Tyler Johnson.
8:47 of 1st period - Stopped by Devan Dubnyk without a rebound.
8:48 of 1st period - Calle Jarnkrok wins face-off versus Jakub Voracek in Flyers zone.
9:30 of 1st period - Shot by Christian Dvorak.
9:30 of 1st period - Deflect By Jakub Voracek.
9:30 of 1st period - Stopped by Devan Dubnyk with a rebound.
9:39 of 1st period - Ryan Ellis is hit by David Savard and loses puck.
9:45 of 1st period - Off-side.
9:46 of 1st period - Casey Cizikas wins face-off versus Nathan MacKinnon in neutral zone.
10:01 of 1st period - Andrew MacDonald is hit by William Nylander.
10:44 of 1st period - Off-side.
10:45 of 1st period - Luke Glendening wins face-off versus Jean-Gabriel Pageau in neutral zone.
11:05 of 1st period - Icing by Damon Severson.
11:06 of 1st period - Jean-Gabriel Pageau wins face-off versus Alexander Wennberg in Flyers zone.
11:49 of 1st period - Shot by Ryan Ellis.
11:49 of 1st period - Stopped by Ben Bishop without a rebound.
11:50 of 1st period - Nathan MacKinnon wins face-off versus Calle Jarnkrok in Penguins zone.
12:50 of 1st period - Off-side.
12:51 of 1st period - Jean-Gabriel Pageau wins face-off versus Tyler Johnson in neutral zone.
13:03 of 1st period - Shot by Christian Dvorak.
13:03 of 1st period - Deflect By Jakub Voracek.
13:03 of 1st period - Shot Blocked by Brooks Orpik.
13:05 of 1st period - Shot by David Savard.
13:05 of 1st period - Shot Misses the Net.
13:07 of 1st period - Shot by Mark Giordano.
13:07 of 1st period - Shot Blocked by Brooks Orpik.
13:13 of 1st period - Shot by Jakub Voracek.
13:13 of 1st period - Stopped by Devan Dubnyk without a rebound.
13:14 of 1st period - Sebastian Aho wins face-off versus Riley Sheahan in Flyers zone.
13:14 of 1st period - Sebastian Aho is hit by Damon Severson.
13:16 of 1st period - Shot by Alexander Wennberg.
13:16 of 1st period - Shot Misses the Net.
14:09 of 1st period - Shot by Casey Cizikas.
14:09 of 1st period - Shot Misses the Net.
14:11 of 1st period - Shot by Casey Cizikas.
14:11 of 1st period - Shot Blocked by Mark Giordano.
14:52 of 1st period - Shot by Marcus Johansson.
14:52 of 1st period - Shot Blocked by David Savard.
14:54 of 1st period - Shot by Marcus Johansson.
14:54 of 1st period - Shot Misses the Net.
15:02 of 1st period - Shot by Marcus Johansson.
15:02 of 1st period - Shot Misses the Net.
15:54 of 1st period - Shot by Chris VandeVelde.
15:54 of 1st period - Stopped by Ben Bishop with a rebound.
15:58 of 1st period - Shot by Ryan White.
15:58 of 1st period - Deflect By Riley Sheahan.
15:58 of 1st period - Shot Misses the Net.
16:00 of 1st period - Shot by Ryan Ellis.
16:00 of 1st period - Stopped by Ben Bishop without a rebound.
16:01 of 1st period - Casey Cizikas wins face-off versus Alexander Wennberg in Penguins zone.
16:01 of 1st period - Casey Cizikas is hit by Ryan Suter.
16:30 of 1st period - Sebastian Aho is hit by Brooks Orpik and loses puck.
16:44 of 1st period - Icing by Ryan Ellis.
16:45 of 1st period - Alexander Killorn wins face-off versus Nathan MacKinnon in Flyers zone.
17:10 of 1st period - Minor Penalty to Andrew MacDonald for Interference.
17:11 of 1st period - Riley Sheahan wins face-off versus Nathan MacKinnon in Flyers zone.
18:04 of 1st period - Shot by Phil Kessel.
18:04 of 1st period - Stopped by Devan Dubnyk without a rebound.
18:05 of 1st period - Riley Sheahan wins face-off versus Alexander Wennberg in Flyers zone.
18:18 of 1st period - Shot by Alexander Wennberg.
18:18 of 1st period - Stopped by Devan Dubnyk without a rebound.
18:19 of 1st period - Kyle Brodziak wins face-off versus Nathan MacKinnon in Flyers zone.
18:28 of 1st period - Shot by Nathan MacKinnon.
18:28 of 1st period - Shot Misses the Net.
18:30 of 1st period - Shot by Vladimir Tarasenko.
18:30 of 1st period - Shot Misses the Net.
18:32 of 1st period - Shot by David Savard.
18:32 of 1st period - Stopped by Devan Dubnyk without a rebound.
18:33 of 1st period - Riley Sheahan wins face-off versus Alexander Wennberg in Flyers zone.
19:00 of 1st period - Shot by Alexander Wennberg.
19:00 of 1st period - Stopped by Devan Dubnyk without a rebound.
19:01 of 1st period - Riley Sheahan wins face-off versus Nathan MacKinnon in Flyers zone.
19:16 of 1st period - Shot by Luke Glendening.
19:16 of 1st period - Shot Misses the Net.
19:20 of 1st period - Shot by Kevin Labanc.
19:20 of 1st period - Stopped by Devan Dubnyk without a rebound.
19:21 of 1st period - Tyler Johnson wins face-off versus Calle Jarnkrok in Flyers zone.
19:26 of 1st period - Shot by Tyler Johnson.
19:26 of 1st period - Goal by Tyler Johnson - Penguins : 1 - Flyers : 1.
19:27 of 1st period - Marcus Johansson wins face-off versus Nathan MacKinnon in neutral zone.
19:38 of 1st period - Shot by Jean-Gabriel Pageau.
19:38 of 1st period - Stopped by Ben Bishop without a rebound.
19:39 of 1st period - Alexander Wennberg wins face-off versus Calle Jarnkrok in Penguins zone.
19:56 of 1st period - Brooks Orpik is hit by Alexander Wennberg and loses puck.
Goals for this period are 1 for Penguins vs 1 for Flyers.
Shots for this period are 15 for Penguins vs 9 for Flyers.

2nd period


0:01 of 2nd period - Jean-Gabriel Pageau wins face-off versus Nathan MacKinnon in neutral zone.
0:15 of 2nd period - Off-side.
0:16 of 2nd period - Alexander Wennberg wins face-off versus Calle Jarnkrok in neutral zone.
0:22 of 2nd period - Icing by Jonathan Ericsson.
0:23 of 2nd period - Nathan MacKinnon wins face-off versus Calle Jarnkrok in Flyers zone.
1:33 of 2nd period - Shot by Alexander Wennberg.
1:33 of 2nd period - Shot Misses the Net.
1:38 of 2nd period - Jean-Gabriel Pageau is hit by David Savard and loses puck.
2:07 of 2nd period - Shot by Tyler Johnson.
2:07 of 2nd period - Shot Misses the Net.
2:09 of 2nd period - Shot by Jakub Voracek.
2:09 of 2nd period - Stopped by Devan Dubnyk without a rebound.
2:10 of 2nd period - Luke Glendening wins face-off versus Casey Cizikas in Flyers zone.
2:10 of 2nd period - Olli Maatta is hit by Damon Severson and loses puck.
2:28 of 2nd period - Jacob De La Rose is hit by Jonathan Ericsson and loses puck.
3:46 of 2nd period - Shot by Jean-Gabriel Pageau.
3:46 of 2nd period - Shot Blocked by Ryan Suter.
5:01 of 2nd period - Shot by Tyler Johnson.
5:01 of 2nd period - Shot Misses the Net.
5:03 of 2nd period - Shot by Tyler Johnson.
5:03 of 2nd period - Deflect By Jakub Voracek.
5:03 of 2nd period - Shot Misses the Net.
5:31 of 2nd period - Icing by Ryan Suter.
5:32 of 2nd period - Casey Cizikas wins face-off versus Tyler Johnson in Penguins zone.
5:38 of 2nd period - Icing by Jakub Voracek.
5:39 of 2nd period - Jean-Gabriel Pageau wins face-off versus Tyler Johnson in Penguins zone.
5:46 of 2nd period - Shot by Brooks Orpik.
5:46 of 2nd period - Stopped by Ben Bishop without a rebound.
5:47 of 2nd period - Nathan MacKinnon wins face-off versus Jean-Gabriel Pageau in Penguins zone.
5:49 of 2nd period - Icing by David Savard.
5:50 of 2nd period - Jean-Gabriel Pageau wins face-off versus Nathan MacKinnon in Penguins zone.
5:51 of 2nd period - Shot by Marcus Johansson.
5:51 of 2nd period - Stopped by Ben Bishop without a rebound.
5:52 of 2nd period - Nathan MacKinnon wins face-off versus Jean-Gabriel Pageau in Penguins zone.
6:42 of 2nd period - Mark Barberio is hit by Patrick Maroon.
6:45 of 2nd period - Alexander Wennberg is hit by Patrick Maroon and loses puck.
7:38 of 2nd period - Icing by Damon Severson.
7:39 of 2nd period - Calle Jarnkrok wins face-off versus Luke Glendening in Flyers zone.
8:27 of 2nd period - Icing by Alexander Killorn.
8:28 of 2nd period - Casey Cizikas wins face-off versus Alexander Wennberg in Flyers zone.
8:39 of 2nd period - Shot by Kyle Brodziak.
8:39 of 2nd period - Shot Blocked by Victor Hedman.
8:50 of 2nd period - Minor Penalty to Alexander Wennberg for Cross-checking.
8:51 of 2nd period - Luke Glendening wins face-off versus Calle Jarnkrok in Penguins zone.
9:00 of 2nd period - Shot by Mark Giordano.
9:00 of 2nd period - Stopped by Devan Dubnyk without a rebound.
9:01 of 2nd period - Luke Glendening wins face-off versus Calle Jarnkrok in Flyers zone.
9:01 of 2nd period - Ryan Suter is hit by Damon Severson and loses puck.
9:24 of 2nd period - David Savard is hit by Andre Burakovsky and loses puck.
10:07 of 2nd period - Shot by Marcus Johansson.
10:07 of 2nd period - Stopped by Ben Bishop with a rebound.
10:21 of 2nd period - Shot by Mark Giordano.
10:21 of 2nd period - Shot Blocked by Jonathan Ericsson.
10:23 of 2nd period - Shot by Mark Giordano.
10:23 of 2nd period - Stopped by Devan Dubnyk without a rebound.
10:24 of 2nd period - Christian Dvorak wins face-off versus Patrick Maroon in Flyers zone.
10:25 of 2nd period - Shot by Tyler Johnson.
10:25 of 2nd period - Stopped by Devan Dubnyk without a rebound.
10:26 of 2nd period - Jean-Gabriel Pageau wins face-off versus Nathan MacKinnon in Flyers zone.
10:33 of 2nd period - Christian Dvorak is hit by Patrick Maroon and loses puck.
11:52 of 2nd period - Kyle Brodziak is hit by Olli Maatta.
11:54 of 2nd period - Shot by Casey Cizikas.
11:54 of 2nd period - Deflect By Alexander Killorn.
11:54 of 2nd period - Stopped by Ben Bishop with a rebound.
12:10 of 2nd period - Icing by Mark Barberio.
12:11 of 2nd period - Jean-Gabriel Pageau wins face-off versus Alexander Wennberg in Penguins zone.
12:19 of 2nd period - Shot by Jean-Gabriel Pageau.
12:19 of 2nd period - Shot Blocked by Olli Maatta.
12:21 of 2nd period - Shot by Marcus Johansson.
12:21 of 2nd period - Shot Blocked by Mark Barberio.
12:23 of 2nd period - Shot by Jean-Gabriel Pageau.
12:23 of 2nd period - Shot Misses the Net.
12:25 of 2nd period - Shot by Ryan Ellis.
12:25 of 2nd period - Stopped by Ben Bishop without a rebound.
12:26 of 2nd period - Nathan MacKinnon wins face-off versus Calle Jarnkrok in Penguins zone.
13:00 of 2nd period - Icing by Brooks Orpik.
13:01 of 2nd period - Calle Jarnkrok wins face-off versus Tyler Johnson in Flyers zone.
14:28 of 2nd period - Icing by Jonathan Ericsson.
14:29 of 2nd period - Jean-Gabriel Pageau wins face-off versus Nathan MacKinnon in Flyers zone.
14:29 of 2nd period - Jean-Gabriel Pageau is hit by Vladimir Tarasenko.
14:47 of 2nd period - Shot by Vladimir Tarasenko.
14:47 of 2nd period - Shot Blocked by Jonathan Ericsson.
14:49 of 2nd period - Shot by Mark Giordano.
14:49 of 2nd period - Shot Misses the Net.
15:43 of 2nd period - Shot by Sebastian Aho.
15:43 of 2nd period - Stopped by Devan Dubnyk without a rebound.
15:44 of 2nd period - Tyler Johnson wins face-off versus Andre Burakovsky in Flyers zone.
15:47 of 2nd period - Shot by Jakub Voracek.
15:47 of 2nd period - Stopped by Devan Dubnyk without a rebound.
15:48 of 2nd period - Calle Jarnkrok wins face-off versus Tyler Johnson in Flyers zone.
16:03 of 2nd period - Shot by Calle Jarnkrok.
16:03 of 2nd period - Stopped by Ben Bishop without a rebound.
16:04 of 2nd period - Nathan MacKinnon wins face-off versus Casey Cizikas in Penguins zone.
17:09 of 2nd period - Shot by Christian Dvorak.
17:09 of 2nd period - Stopped by Devan Dubnyk without a rebound.
17:10 of 2nd period - Riley Sheahan wins face-off versus Alexander Wennberg in Flyers zone.
17:27 of 2nd period - Shot by Riley Sheahan.
17:27 of 2nd period - Stopped by Ben Bishop without a rebound.
17:28 of 2nd period - Christian Dvorak wins face-off versus Calle Jarnkrok in Penguins zone.
17:51 of 2nd period - Shot by Tyler Johnson.
17:51 of 2nd period - Shot Blocked by Andrew MacDonald.
18:51 of 2nd period - Off-side.
18:52 of 2nd period - Casey Cizikas wins face-off versus Nathan MacKinnon in neutral zone.
Goals for this period are 0 for Penguins vs 0 for Flyers.
Shots for this period are 7 for Penguins vs 7 for Flyers.

3rd period


0:01 of 3rd period - Jean-Gabriel Pageau wins face-off versus Nathan MacKinnon in neutral zone.
0:38 of 3rd period - Shot by Jean-Gabriel Pageau.
0:38 of 3rd period - Shot Misses the Net.
0:58 of 3rd period - Alexander Wennberg is hit by Calle Jarnkrok and loses puck.
1:10 of 3rd period - Ryan Suter is hit by Damon Severson and loses puck.
3:02 of 3rd period - Shot by Marcus Johansson.
3:02 of 3rd period - Deflect By Jean-Gabriel Pageau.
3:02 of 3rd period - Shot Blocked by David Savard.
3:50 of 3rd period - Shot by Vladimir Tarasenko.
3:50 of 3rd period - Stopped by Devan Dubnyk without a rebound.
3:51 of 3rd period - Calle Jarnkrok wins face-off versus Alexander Wennberg in Flyers zone.
4:08 of 3rd period - Shot by Joel Ward.
4:08 of 3rd period - Stopped by Ben Bishop without a rebound.
4:09 of 3rd period - Tyler Johnson wins face-off versus Chris VandeVelde in Penguins zone.
4:28 of 3rd period - Shot by Christian Dvorak.
4:28 of 3rd period - Shot Misses the Net.
4:30 of 3rd period - Shot by Victor Hedman.
4:30 of 3rd period - Deflect By Tyler Johnson.
4:30 of 3rd period - Stopped by Devan Dubnyk with a rebound.
5:15 of 3rd period - Shot by Andre Burakovsky.
5:15 of 3rd period - Shot Misses the Net.
5:17 of 3rd period - Shot by Joel Ward.
5:17 of 3rd period - Shot Blocked by Mark Giordano.
5:19 of 3rd period - Shot by Matt Benning.
5:19 of 3rd period - Shot Blocked by Mark Giordano.
5:27 of 3rd period - Shot by Calle Jarnkrok.
5:27 of 3rd period - Deflect By Andre Burakovsky.
5:27 of 3rd period - Stopped by Ben Bishop without a rebound.
5:28 of 3rd period - Casey Cizikas wins face-off versus Phil Kessel in Penguins zone.
5:41 of 3rd period - Shot by Phil Kessel.
5:41 of 3rd period - Shot Misses the Net.
5:43 of 3rd period - Shot by Olli Maatta.
5:43 of 3rd period - Stopped by Devan Dubnyk without a rebound.
5:43 of 3rd period - Minor Penalty to Devan Dubnyk for Slashing.
5:44 of 3rd period - Kyle Brodziak wins face-off versus Nathan MacKinnon in Flyers zone.
5:44 of 3rd period - Kyle Brodziak is hit by Vladimir Tarasenko.
6:39 of 3rd period - Shot by Ryan Suter.
6:39 of 3rd period - Shot Misses the Net.
7:05 of 3rd period - Joel Ward is hit by Alexander Wennberg and loses puck.
8:04 of 3rd period - Shot by Jakub Voracek.
8:04 of 3rd period - Stopped by Devan Dubnyk without a rebound.
8:05 of 3rd period - Calle Jarnkrok wins face-off versus Luke Glendening in Flyers zone.
8:05 of 3rd period - Calle Jarnkrok is hit by Luke Glendening.
8:23 of 3rd period - Shot by Joel Ward.
8:23 of 3rd period - Stopped by Ben Bishop without a rebound.
8:24 of 3rd period - Tyler Johnson wins face-off versus Jean-Gabriel Pageau in Penguins zone.
9:43 of 3rd period - Icing by Victor Hedman.
9:44 of 3rd period - Calle Jarnkrok wins face-off versus Alexander Wennberg in Penguins zone.
9:44 of 3rd period - Joel Ward is hit by Victor Hedman and loses puck.
10:19 of 3rd period - Shot by William Nylander.
10:19 of 3rd period - Shot Blocked by Ryan Ellis.
10:21 of 3rd period - Shot by William Nylander.
10:21 of 3rd period - Stopped by Devan Dubnyk with a rebound.
10:48 of 3rd period - Minor Penalty to Andre Burakovsky for Tripping.
10:49 of 3rd period - Casey Cizikas wins face-off versus Alexander Wennberg in Flyers zone.
10:49 of 3rd period - Casey Cizikas is hit by Alexander Wennberg.
11:29 of 3rd period - Icing by Phil Kessel.
11:30 of 3rd period - Alexander Wennberg wins face-off versus Kyle Brodziak in Penguins zone.
11:59 of 3rd period - Shot by William Nylander.
11:59 of 3rd period - Shot Blocked by Matt Benning.
12:32 of 3rd period - Icing by Mark Giordano.
12:33 of 3rd period - Nathan MacKinnon wins face-off versus Kyle Brodziak in Penguins zone.
13:57 of 3rd period - Off-side.
13:58 of 3rd period - Alexander Wennberg wins face-off versus Riley Sheahan in neutral zone.
14:01 of 3rd period - Shot by Victor Hedman.
14:01 of 3rd period - Stopped by Devan Dubnyk with a rebound.
14:11 of 3rd period - Shot by Riley Sheahan.
14:11 of 3rd period - Stopped by Ben Bishop with a rebound.
14:13 of 3rd period - Shot by Ryan White.
14:13 of 3rd period - Shot Misses the Net.
14:56 of 3rd period - Icing by Victor Hedman.
14:57 of 3rd period - Alexander Wennberg wins face-off versus Jean-Gabriel Pageau in Penguins zone.
14:57 of 3rd period - Alexander Wennberg is hit by Jean-Gabriel Pageau.
15:02 of 3rd period - Victor Hedman is hit by Damon Severson.
15:18 of 3rd period - Shot by William Nylander.
15:18 of 3rd period - Stopped by Devan Dubnyk with a rebound.
15:20 of 3rd period - Shot by David Savard.
15:20 of 3rd period - Stopped by Devan Dubnyk with a rebound.
15:22 of 3rd period - Shot by William Nylander.
15:22 of 3rd period - Stopped by Devan Dubnyk without a rebound.
15:23 of 3rd period - Calle Jarnkrok wins face-off versus Tyler Johnson in Flyers zone.
15:42 of 3rd period - Matt Benning is hit by Christian Dvorak and loses puck.
15:54 of 3rd period - Olli Maatta is hit by Joel Ward and loses puck.
16:35 of 3rd period - Shot by Kyle Brodziak.
16:35 of 3rd period - Shot Misses the Net.
16:57 of 3rd period - Shot by Vladimir Tarasenko.
16:57 of 3rd period - Shot Blocked by Damon Severson.
17:07 of 3rd period - Shot by Nathan MacKinnon.
17:07 of 3rd period - Shot Misses the Net.
18:03 of 3rd period - Shot by Phil Kessel.
18:03 of 3rd period - Shot Blocked by Jonathan Ericsson.
18:05 of 3rd period - Shot by Victor Hedman.
18:05 of 3rd period - Shot Misses the Net.
18:07 of 3rd period - Shot by Sebastian Aho.
18:07 of 3rd period - Stopped by Devan Dubnyk without a rebound.
18:08 of 3rd period - Luke Glendening wins face-off versus Calle Jarnkrok in Flyers zone.
18:14 of 3rd period - Off-side.
18:15 of 3rd period - Luke Glendening wins face-off versus Calle Jarnkrok in neutral zone.
18:18 of 3rd period - Shot by Ryan Suter.
18:18 of 3rd period - Shot Misses the Net.
18:20 of 3rd period - Shot by Victor Hedman.
18:20 of 3rd period - Deflect By Luke Glendening.
18:20 of 3rd period - Stopped by Devan Dubnyk without a rebound.
18:21 of 3rd period - Alexander Wennberg wins face-off versus Calle Jarnkrok in Flyers zone.
18:45 of 3rd period - Shot by Phil Kessel.
18:45 of 3rd period - Shot Blocked by Ryan Ellis.
18:45 of 3rd period - Ryan Ellis from Flyers is injured at 18:45 of 3rd period (Upper Body).
18:46 of 3rd period - Casey Cizikas wins face-off versus Nathan MacKinnon in Flyers zone.
19:28 of 3rd period - Icing by Ryan Suter.
19:29 of 3rd period - Nathan MacKinnon wins face-off versus Calle Jarnkrok in Penguins zone.
19:36 of 3rd period - Calle Jarnkrok is hit by Nathan MacKinnon.
19:54 of 3rd period - Shot by Calle Jarnkrok.
19:54 of 3rd period - Deflect By Joel Ward.
19:54 of 3rd period - Shot Misses the Net.
Goals for this period are 0 for Penguins vs 0 for Flyers.
Shots for this period are 11 for Penguins vs 4 for Flyers.

Overtime #1


0:01 of 1st overtime period - Alexander Wennberg wins face-off versus Jean-Gabriel Pageau in neutral zone.
0:17 of 1st overtime period - Off-side.
0:18 of 1st overtime period - Alexander Wennberg wins face-off versus Joel Ward in neutral zone.
0:33 of 1st overtime period - Shot by Alexander Wennberg.
0:33 of 1st overtime period - Deflect By Vladimir Tarasenko.
0:33 of 1st overtime period - Shot Blocked by Brooks Orpik.
0:41 of 1st overtime period - Shot by Vladimir Tarasenko.
0:41 of 1st overtime period - Shot Blocked by Brooks Orpik.
0:47 of 1st overtime period - Shot by Vladimir Tarasenko.
0:47 of 1st overtime period - Shot Misses the Net.
0:49 of 1st overtime period - Shot by Alexander Wennberg.
0:49 of 1st overtime period - Deflect By Vladimir Tarasenko.
0:49 of 1st overtime period - Shot Blocked by Joel Ward.
0:51 of 1st overtime period - Shot by Vladimir Tarasenko.
0:51 of 1st overtime period - Deflect By Alexander Wennberg.
0:51 of 1st overtime period - Stopped by Devan Dubnyk with a rebound.
0:53 of 1st overtime period - Shot by Vladimir Tarasenko.
0:53 of 1st overtime period - Shot Misses the Net.
1:17 of 1st overtime period - Shot by Jakub Voracek.
1:17 of 1st overtime period - Deflect By Phil Kessel.
1:17 of 1st overtime period - Shot Blocked by Brooks Orpik.
3:03 of 1st overtime period - Shot by Vladimir Tarasenko.
3:03 of 1st overtime period - Stopped by Devan Dubnyk without a rebound.
3:04 of 1st overtime period - Jean-Gabriel Pageau wins face-off versus Jakub Voracek in Flyers zone.
3:29 of 1st overtime period - Shot by Phil Kessel.
3:29 of 1st overtime period - Stopped by Devan Dubnyk with a rebound.
4:07 of 1st overtime period - Shot by Nathan MacKinnon.
4:07 of 1st overtime period - Shot Blocked by Marcus Johansson.
4:09 of 1st overtime period - Shot by Nathan MacKinnon.
4:09 of 1st overtime period - Stopped by Devan Dubnyk without a rebound.
4:10 of 1st overtime period - Alexander Wennberg wins face-off versus Marcus Johansson in Flyers zone.
4:21 of 1st overtime period - Shot by Andre Burakovsky.
4:21 of 1st overtime period - Goal by Andre Burakovsky - Penguins : 1 - Flyers : 2.
Goals for this period are 0 for Penguins vs 1 for Flyers.
Shots for this period are 4 for Penguins vs 1 for Flyers.